 Dungeon Crawl Stone Soup version 0.30-a0-737-gf23d94013f (webtiles) character file.

Game seed: 17410120752443281217

212 sircluck the Chopper (level 5, -3/47 HPs)
             Began as a Hill Orc Fighter on Feb 1, 2023.
             Was a Follower of Uskayaw.
             Slain by a gnoll
             ... wielding a +0 spear
              (7 damage)
             ... on level 4 of the Dungeon.
             The game lasted 00:13:03 (6256 turns).

sircluck the Chopper (Hill Orc Fighter)             Turns: 6256, Time: 00:13:03

Health: -3/47      AC: 13    Str: 21    XL:     5   Next: 90%
Magic:  3/5        EV:  7    Int:  8    God:    Uskayaw [*.....]
Gold:   126        SH:  4    Dex: 10    Spells: 4/4 levels left

rFire   . . .      SeeInvis .    a - +0 war axe
rCold   . . .      Faith    .    c - +0 buckler
rNeg    . . .      Spirit   .    i - +0 chain mail
rPois   .          Reflect  .    (no helmet)
rElec   .          Harm     .    (no cloak)
rCorr   .          Rampage  .    h - +0 pair of gloves
Will    .....                    y - +1 pair of boots Stlth
                                 (no amulet)
HPRegen 0.27/turn                (no ring)
MPRegen 0.09/turn                (no ring)

@: lethally poisoned (-3 -> -5)
A: no striking features
a: Renounce Religion, Stomp


You were on level 4 of the Dungeon.
You worshipped Uskayaw.
Uskayaw was noncommittal.
You visited 1 branch of the dungeon, and saw 4 of its levels.

You collected 126 gold pieces.

Inventory:

Hand Weapons
 a - a +0 war axe (weapon)
 t - a +0 arbalest
Missiles
 g - 20 stones (quivered)
Armour
 b - a +0 scale mail
 c - a +0 buckler (worn)
 f - a +0 leather armour
 h - a +0 pair of gloves (worn)
 i - a +0 chain mail (worn)
 m - an orb of guile
 y - a +1 pair of boots (worn)
Jewellery
 q - a ring of magical power
 r - a +4 ring of protection
Wands
 z - a wand of mindburst (9)
Scrolls
 l - 4 scrolls of teleportation {unknown}
 n - 5 scrolls of identify {unknown}
 p - a scroll of butterflies {unknown}
 s - a scroll of fear {unknown}
 w - a scroll of blinking {unknown}
 B - a scroll of poison {unknown}
Potions
 d - 2 potions of might
 e - 2 potions of degeneration {unknown}
 j - 2 potions of haste {unknown}
 k - 4 potions of brilliance {unknown}
 o - 4 potions of mutation {unknown}
 u - a potion of magic {unknown}
 v - a potion of lignification {unknown}
 x - a potion of curing {unknown}
 A - a potion of flight {unknown}


   Skills:
 + Level 4.4 Fighting
 + Level 5.2 Axes
 + Level 4.8 Armour
 + Level 0.6 Dodging
 + Level 0.2 Stealth
 + Level 3.7 Shields


You had 4 spell levels left.
You didn't know any spells.
Your spell library contained the following spells:

 Spells                   Type           Power      Damage    Failure   Level
 Blink                    Tloc           0%         N/A       100%        2
 Manifold Assault         Tloc           0%         N/A       100%        4
 Storm Form               Tmut/Air       0%         N/A       100%        7


Dungeon Overview and Level Annotations

Branches:
Dungeon (4/15)
 Temple: D:4-7

Altars:
Trog
Uskayaw

Shops:
D:2 ?


Message History

The gnoll hits you with a +1 heavy war axe!
The gnoll closely misses you. The scorpion closely misses you.
The gnoll barely misses you.
You are too injured to fight recklessly!
You are too injured to fight recklessly!
You are too injured to fight recklessly!
You are too injured to fight recklessly!
You completely miss the gnoll.
The gnoll is heavily wounded.
You closely miss the scorpion. You block the scorpion's attack.
The gnoll closely misses you.
The scorpion stings you but does no damage.
The gnoll barely misses you.
You hit the gnoll but do no damage.
The gnoll is heavily wounded.
You barely miss the scorpion. The scorpion closely misses you.
The gnoll barely misses you. x2
You hit the gnoll.
The gnoll is severely wounded.
You closely miss the scorpion. The scorpion stings you.
* * * LOW HITPOINT WARNING * * *
You are poisoned.
The scorpion poisons you!
The gnoll hits you but does no damage. x2
The scorpion stings you but does no damage.
You slash the gnoll!
You kill the gnoll!
You hit the scorpion.
You feel very sick. The gnoll hits you but does no damage.
The scorpion stings you.
* * * LOW HITPOINT WARNING * * *
The gnoll hits you but does no damage.
* * * LOW HITPOINT WARNING * * *
You feel sick. The scorpion closely misses you.
You feel sick.
You barely miss the scorpion.
The scorpion is moderately wounded.
* * * LOW HITPOINT WARNING * * *
You feel sick. The scorpion completely misses you.
The gnoll hits you from afar with a +0 spear!
You die...

..............#
.............#
.............##
..............##
...............#
............#..##
...........###..##
#.........##
##..######
#####...###
###.@.....## #####
##...s†.....#
#....g).....#
#.....).......#
#..............#
#..............#
#.............>.
#...)...........
#...............


You could see a scorpion and a gnoll.

Vanquished Creatures
  Jessica (D:3)
  An orc wizard (D:4)
  A scorpion zombie (D:2)
  3 adders
  2 gnolls (D:4)
  10 orcs
  A bat zombie (D:2)
  7 endoplasms
  2 giant cockroaches
  2 goblins (D:3)
  5 hobgoblins
  5 jackals
  6 kobolds
  5 quokkas
  7 ball pythons
  2 ball python zombies (D:2)
  8 bats
  A frilled lizard (D:3)
  A quokka zombie (D:2)
  7 rats
77 creatures vanquished.

Vanquished Creatures (others)
  9 plants (D:4)
  2 withered plants (D:2)
11 creatures vanquished.

Grand Total: 88 creatures vanquished

Notes
Turn   | Place    | Note
-------+----------+-------------------------------------------
     0 | D:1      | sircluck the Hill Orc Fighter began the quest for the Orb.
     0 | D:1      | Reached XP level 1. HP: 19/19 MP: 1/1
   109 | D:1      | Found a faded altar of an unknown god.
   199 | D:1      | Reached XP level 2. HP: 16/27 MP: 2/2
   508 | D:1      | Reached skill level 3 in Axes
   731 | D:1      | Reached XP level 3. HP: 33/33 MP: 3/3
   878 | D:1      | Prayed at the altar of an unknown god.
   878 | D:1      | Became a worshipper of Uskayaw the Reveller
   878 | D:1      | Reached * piety under Uskayaw
  1631 | D:2      | Found a bloodstained altar of Trog.
  1645 | D:2      | Reached ** piety under Uskayaw
  1652 | D:2      | Reached *** piety under Uskayaw
  1654 | D:2      | Reached XP level 4. HP: 23/40 MP: 4/4
  1755 | D:2      | Found Lifiloab's Magic Scroll Emporium.
  2112 | D:3      | Reached skill level 4 in Axes
  2131 | D:3      | Reached **** piety under Uskayaw
  2153 | D:3      | Noticed Jessica
  2160 | D:3      | Killed Jessica
  2161 | D:3      | Reached XP level 5. HP: 37/47 MP: 5/5
  6070 | D:4      | Reached skill level 5 in Axes
  6099 | D:4      | Found a hide-covered altar of Uskayaw.
  6256 | D:4      | Slain by a gnoll

Illustrated notes

Levels and vault maps discovered:
D:1:      minmay_arrival_wavy_path, layout_basic, ebering_ecumenical_altar_webs,
          grunt_decor_junction, serial_park_tiny_pond
D:2:      layout_loops_corners, basic_altar, serial_undead, serial_undead_f,
          serial_undead_f, serial_undead_a, serial_undead_a, serial_shops,
          nicolae_shop_hallway_stairs
D:3:      layout_basic, uniq_jessica
D:4:      cheibrodos_old_hovel, layout_cave_pods,
          nicolae_uskayaw_murder_on_the_dancefloor, serial_shops, shop,
          minivault_19, grunt_decor_one_mirror

Skill      XL: |  1  2  3  4  5 |
---------------+----------------+-----
Fighting       | 4 |  4.4
Axes           | 3 4 5 |  5.2
Armour         | 4 |  4.8
Dodging        | |  0.6
Stealth        | |  0.2
Shields        | |  3.7

Action                     |  1- 3 |  4- 6 || total
---------------------------+-------+-------++-------
  Melee: War axe           |   114 |   105 ||   219
  Throw: Stone             |       |     1 ||     1
 Invoke: Stomp             |       |     4 ||     4
   Stab: Paralysed         |     1 |     1 ||     2
 Armour: Chain mail        |    88 |    83 ||   171
         Scale mail        |     1 |       ||     1
  Dodge: Dodged            |    42 |    44 ||    86
  Block: Buckler           |    35 |    26 ||    61

Table legend: (Time is in decaauts)
 A = Elapsed time spent in this place.
 B = Non-inter-level travel time spent in this place.
 C = Inter-level travel time spent in this place.
 D = Time resting spent in this place.
 E = Time spent auto-exploring this place.
 F = Levels seen in this place.
 G = Mean time per level.
                   A        B        C        D        E       F      G
               +--------+--------+--------+--------+--------+-----+--------+
         Total |   6333 |   6182 |    151 |   2861 |    947 |   4 | 1583.2 |
       Dungeon |   6333 |   6182 |    151 |   2861 |    947 |   4 | 1583.2 |
               +--------+--------+--------+--------+--------+-----+--------+

Top non-repeatable levels by time:
     D:3: 3779 daAuts
     D:2: 1244 daAuts
     D:1: 910 daAuts
     D:4: 398 daAuts
